 Dungeon Crawl Stone Soup version 0.25.1-2-g60ff931df9 (webtiles) character file.

Game seed: 3608509144247379470

1773 moonlapse the Poker (level 8, -2/63 HPs)
             Began as a Black Draconian Assassin on Oct 4, 2020.
             Was a Believer of Okawaru.
             Slain by an orc warrior
             ... wielding a +0 glaive
              (13 damage)
             ... on level 6 of the Dungeon.
             The game lasted 00:14:21 (6717 turns).

moonlapse the Poker (Black Draconian Assassin)      Turns: 6717, Time: 00:14:22

Health: -2/63      AC:  8    Str: 15    XL:     8   Next: 80%
Magic:  0/8        EV: 10    Int: 13    God:    Okawaru [**....]
Gold:   262        SH: 10    Dex: 12    Spells: 7/7 levels left

rFire    . . .     SeeInvis .   r - +1 trident
rCold    . . .     Gourm    .   j - +0 kite shield
rNeg     . . .     Faith    .   (armour unavailable)
rPois    .         Spirit   +   (helmet restricted)
rElec    +         Reflect  .   b - +0 cloak
rCorr    .         Harm     .   (no gloves)
MR       .....                  v - +0 pair of boots
Stlth    ++........             g - amulet of guardian spirit {Spirit}
HPRegen  0.20/turn              (no ring)
MPRegen  0.11/turn              (no ring)

@: short of breath
A: breathe lightning, unfitting armour, talons 1, frail 1, screaming 1,
electricity resistance, cold-blooded, AC +6
a: Breathe Lightning, Heroism, Renounce Religion


You were on level 6 of the Dungeon.
You worshipped Okawaru.
Okawaru was pleased with you.
You were near starving.

You visited 2 branches of the dungeon, and saw 7 of its levels.

You collected 262 gold pieces.

Inventory:

Hand Weapons
 a - a +2 dagger
 r - a +1 trident (weapon)
   (You took it off an orc on level 3 of the Dungeon)
Missiles
 p - a curare-tipped dart
Armour
 b - a +0 cloak (worn)
 j - a +0 kite shield (worn)
   (You found it on level 3 of the Dungeon)
 v - a +0 pair of boots (worn)
   (You found it on level 4 of the Dungeon)
Jewellery
 g - an amulet of guardian spirit (around neck) {Spirit}
   (You found it on level 1 of the Dungeon)
 q - an uncursed ring of fire {rF+, rC-}
   (You found it on level 6 of the Dungeon)
Wands
 i - a wand of disintegration (9)
   (You found it on level 5 of the Dungeon)
Scrolls
 l - 3 scrolls of enchant weapon
 m - 3 scrolls of remove curse
 o - a scroll of vulnerability {unknown}
 t - 2 scrolls of teleportation
Potions
 e - 3 potions of flight
 h - 2 potions of might {unknown}
 k - a potion of magic {unknown}
 n - a potion of ambrosia {unknown}
 s - a potion of invisibility {unknown}
 w - a potion of cancellation {unknown}
Comestibles
 f - 12 rations


   Skills:
 - Level 6.0 Fighting
 - Level 2.0 Short Blades
 + Level 7.1 Polearms
 - Level 1.7 Throwing
 - Level 0.8 Dodging
 - Level 3.6 Stealth
 + Level 7.0 Shields


You had 7 spell levels left.
You didn't know any spells.
Your spell library contained the following spells:

 Spells                   Type           Power        Failure   Level  Hunger
 Passwall                 Tmut/Erth      #.......     78%         2    ###....
 Swiftness                Chrm/Air       #.......     78%         2    ###....
 Passage of Golubria      Tloc           N/A          100%        4    #####..
 Lee's Rapid Deconstruct  Erth           #.........   100%        5    ######.
 Darkness                 Hex            #.........   100%        6    #######
 Invisibility             Hex            #.......     100%        6    #######


Dungeon Overview and Level Annotations

Branches:
Dungeon (6/15)             Temple (1/1) D:4

Altars:
Ashenzari
Cheibriados
Dithmenos
Elyvilon
Fedhas
Gozag
Hepliaklqana
Kikubaaqudgha
Nemelex Xobeh
Okawaru
Sif Muna
Trog
Uskayaw
Vehumet
Wu Jian
Xom
Yredelemnul
Zin
The Shining One


Innate Abilities, Weirdness & Mutations

You can breathe wild blasts of lightning.
Your glossy black scales are hard. (AC +6)
You cannot fit into any form of body armour.
You are resistant to electric shocks. (rElec)
You are cold-blooded and may be slowed by cold attacks.
You have sharp toenails.
You are frail. (-10% HP)
You occasionally shout uncontrollably at your foes.


Message History

a +0 leather armour; a +0 trident You see here a +0 whip.
You now have 262 gold pieces (gained 17).
Items here: ( )) [ a cursed +0 plate armour; 4 boomerangs; a +0 flail; a +0 halberd A water moccasin comes into view.
Things that are here:
12 gold pieces; a cursed -3 flail; a poisoned dart; Health restored: 63 A water moccasin is nearby!
A water moccasin is nearby!
A water moccasin is nearby!
The water moccasin hisses angrily.
Found a stone staircase leading up.
Attack whom?
Aim: a water moccasin You reach to attack!
The leopard gecko hisses angrily.
You hit the water moccasin. You barely miss the water moccasin.
You block the water moccasin's attack. x2
You miss the water moccasin. You tail-slap the water moccasin.
You block the water moccasin's attack.
You closely miss the water moccasin. The leopard gecko closely misses you.
The water moccasin bites you. You block the leopard gecko's attack.
The water moccasin closely misses you.
You take 2 damage, and have 61/63 hp.
You hit the water moccasin. You block the water moccasin's attack.
The leopard gecko bites you but does no damage.
The water moccasin bites you.
You take 3 damage, and have 58/63 hp.
An orc warrior comes into view. It is wielding a +0 glaive.
The orc warrior moves out of view.
The leopard gecko bites you but does no damage.
Items here: ( )) [ a cursed +0 plate armour; 4 boomerangs; a +0 flail; a +0 halberd You see here a +0 whip.
You barely miss the leopard gecko.
The leopard gecko bites you but does no damage.
You closely miss the leopard gecko.
You tail-slap the leopard gecko, but do no damage.
You block the leopard gecko's attack.
You hit the leopard gecko.
You kill the leopard gecko!
Okawaru accepts your kill. The water moccasin bites you.
You take 5 damage, and have 54/63 hp.
You closely miss the water moccasin. The water moccasin bites you.
You take 4 damage, and have 50/63 hp.
You now have 7/8 mp.
The orc warrior shouts!
You hit the water moccasin but do no damage.
You block the water moccasin's attack. The water moccasin barely misses you.
You puncture the water moccasin! You block the water moccasin's attack.
You hit the water moccasin. The water moccasin closely misses you.
The orc warrior hits you from afar with a +0 glaive.
An orc comes into view. It is wielding a +0 club.
You block the water moccasin's attack.
You take 2 damage, and have 49/63 hp.
You now have 6/8 mp.
Your shield prevents you from hitting the water moccasin.
You block the water moccasin's attack. The orc warrior completely misses you.
An orc comes into view. It is wielding a +0 club.
You barely miss the water moccasin.
The water moccasin bites you but does no damage.
A worker ant zombie comes into view.
You puncture the water moccasin!
You kill the water moccasin!
Okawaru accepts your kill.
Your Polearms skill increases to level 7!
Your Shields skill increases to level 7!
The orc warrior barely misses you.
An orc comes into view. It is wielding a +0 flail.
Attack whom?
Aim: an orc, wielding a +0 club You reach to attack!
You hit the orc warrior but do no damage.
The orc warrior barely misses you.
An orc comes into view. It is wielding a +3 short sword.
The orc shouts!
You puncture the orc!
You kill the orc!
Okawaru accepts your kill.
The orc warrior hits you from afar with a +0 glaive!!
You take 16 damage, and have 34/63 hp.
MASSIVE DAMAGE!!
You now have 4/8 mp.
The orc warrior hits you from afar with a +0 glaive!
The worker ant zombie bites you but does no damage.
You see here a +0 whip.
You take 7 damage, and have 27/63 hp.
You now have 3/8 mp.
You fail to use your ability.
The orc warrior hits you from afar with a +0 glaive!
* * * LOW HITPOINT WARNING * * *
You take 10 damage, and have 17/63 hp.
You now have 2/8 mp.
You breathe a wild blast of lightning!
The zap hits the orc.
The zap hits the worker ant zombie.
You hear a clap of thunder!
The orb of electricity engulfs you! You resist.
* * * LOW HITPOINT WARNING * * *
You feel somewhat more hungry.
You hear a shout!
The orc warrior hits you from afar with a +0 glaive!
You die...

. ..##........
..##..#........
...............
#..............
#...........
.... #.....[...
#......
#.........
#......#
#####oo......
#......#
#..@oo.......
#......#
##.#####......
#..>(..######..#
...#..
#..(..#.....##
......
#.......#####
<..... #.
#.....#######
..... ((
#.....##....# #
.... ... p.
###.####....##.#
......
###[####.......
......


You could see an orc warrior and 3 orcs.

Vanquished Creatures
  Pikel (D:5)
  Prince Ribbit (D:3)
  Sigmund (D:4)
  A water moccasin (D:6)
  A slave (D:4)
  A phantom (D:4)
  Blork the orc (D:4)
  A bullfrog (D:6)
  A crimson imp (D:5)
  2 hounds (D:4)
  3 orc priests
  A gnoll shaman (D:6)
  3 orc wizards
  An iguana (D:5)
  2 worker ants
  6 adders
  7 gnolls
  A worm (D:3)
  2 dart slugs (D:1)
  9 leopard geckos
  19 orcs
  3 ball pythons
  3 giant cockroaches
  6 hobgoblins
  5 jackals
  5 kobolds
  2 quokkas
  12 bats
  2 frilled lizards
  9 goblins
  A jackal skeleton (D:4)
  5 rats
118 creatures vanquished.

Vanquished Creatures (others)
  An ogre (D:6)
1 creature vanquished.

Grand Total: 119 creatures vanquished

Notes
Turn   | Place    | Note
-------+----------+-------------------------------------------
     0 | D:1      | moonlapse the Draconian Assassin began the quest for the
                  | Orb.
     0 | D:1      | Reached XP level 1. HP: 17/17 MP: 1/1
    79 | D:1      | Reached skill level 3 in Fighting
    79 | D:1      | Reached XP level 2. HP: 21/26 MP: 2/2
   947 | D:2      | Found a sparkling altar of Nemelex Xobeh.
   978 | D:2      | Reached XP level 3. HP: 32/33 MP: 3/3
  1036 | D:2      | Reached skill level 4 in Fighting
  1211 | D:2      | Found a hazy altar of Hepliaklqana.
  1961 | D:3      | Reached XP level 4. HP: 41/41 MP: 4/4
  1979 | D:3      | Reached skill level 5 in Fighting
  2397 | D:3      | Noticed a sky beast
  2427 | D:3      | Reached XP level 5. HP: 30/50 MP: 3/5
  2442 | D:2      | HP: 9/50 [something (6)]
  2442 | D:2      | HP: 2/50 [something (6)]
  2860 | D:3      | Reached skill level 6 in Fighting
  3031 | D:3      | Found a bloodstained altar of Trog.
  3606 | D:4      | Found a staircase to the Ecumenical Temple.
  3612 | Temple   | Entered the Ecumenical Temple
  3706 | Temple   | Became a worshipper of Warmaster Okawaru
  3752 | D:4      | Reached skill level 1 in Polearms
  3773 | D:4      | Reached skill level 1 in Shields
  3883 | D:4      | Reached skill level 2 in Polearms
  3883 | D:4      | Reached XP level 6. HP: 48/57 MP: 4/6
  3976 | D:4      | Noticed Blork the orc
  3986 | D:4      | Killed Blork the orc
  3986 | D:4      | Reached skill level 2 in Shields
  4050 | D:4      | Noticed Sigmund
  4282 | D:4      | Reached skill level 3 in Polearms
  4392 | D:4      | Killed Sigmund
  4392 | D:4      | Reached * piety under Okawaru
  4392 | D:4      | Reached skill level 3 in Shields
  4392 | D:4      | Your scales start taking on a glossy black colour.
  4392 | D:4      | Reached XP level 7. HP: 48/63 MP: 5/7
  4392 | D:4      | Gained mutation: You are resistant to electric shocks.
                  | (rElec) [Black Draconian growth]
  4597 | D:4      | Reached skill level 4 in Polearms
  4630 | D:4      | Found a shadowy altar of Dithmenos.
  4746 | D:5      | Entered Level 5 of the Dungeon
  4759 | D:5      | Found a radiant altar of Vehumet.
  4846 | D:5      | Noticed Prince Ribbit
  4880 | D:3      | Killed Prince Ribbit
  4880 | D:3      | Reached skill level 4 in Shields
  5124 | D:5      | Found a snail-covered altar of Cheibriados.
  5154 | D:5      | Found a glowing silver altar of Zin.
  5531 | D:5      | Reached skill level 5 in Polearms
  5587 | D:5      | Gained mutation: You occasionally shout uncontrollably at
                  | your foes. [potion of mutation]
  5587 | D:5      | Gained mutation: You are frail. (-10% HP) [potion of
                  | mutation]
  5587 | D:5      | Gained mutation: You have sharp toenails. [potion of
                  | mutation]
  5741 | D:6      | Reached skill level 5 in Shields
  5831 | D:6      | Reached XP level 8. HP: 56/63 MP: 8/8
  5845 | D:6      | Noticed Pikel
  6443 | D:5      | Killed Pikel
  6443 | D:5      | Reached ** piety under Okawaru
  6443 | D:5      | Reached skill level 6 in Polearms
  6443 | D:5      | Reached skill level 6 in Shields
  6711 | D:6      | Reached skill level 7 in Polearms
  6711 | D:6      | Reached skill level 7 in Shields
  6717 | D:6      | HP: 11/63 [bounced beam (6)]
  6717 | D:6      | Slain by an orc warrior

Illustrated notes

Levels and vault maps discovered:
D:1:      sevenhm_arrival_forest_fort_large_2, layout_basic,
          serial_bayou_pond_e, hex_tiny, minmay_misc_feat_plants
D:2:      layout_basic, nemelex_xobeh_ov_fountains_minmay, marbit_many_paths
D:3:      layout_basic, lemuel_round_altar, first_ration, chequers_arboretum
D:4:      layout_rooms, nicolae_dithmenos_shadow_blocks,
          minmay_temple_entry_statues, uniq_blork_the_orc, uniq_sigmund
D:5:      layout_cave_pools, zin_statuary, basic_altar, cheibriados_altar_1,
          uniq_prince_ribbit1
D:6:      layout_rooms, nicolae_ru_sacrificial_ziggurat, uniq_pikel
Temple:   jpeg_temple_clearing

Skill      XL: |  1  2  3  4  5  6  7  8 |
---------------+-------------------------+-----
Fighting       | 3 4 5 6 |  6.0
Polearms       | 2 3 5 7 |  7.1
Shields        | 1 3 5 7 |  7.0
Short Blades   | |  2.0
Throwing       | |  1.7
Dodging        | |  0.8
Stealth        | |  3.6

Action                   |  1- 3 |  4- 6 |  7- 9 || total
-------------------------+-------+-------+-------++-------
Melee: Dagger            |   118 |    39 |       ||   157
       Tailslap          |     9 |    10 |    19 ||    38
       Trident           |       |    78 |   210 ||   288
       Unarmed           |       |    16 |     7 ||    23
Throw: Dart              |    40 |   112 |    50 ||   202
 Abil: Breathe Lightning |       |       |     3 ||     3
Evoke: Wand              |       |       |     5 ||     5
  Use: Scroll            |     2 |     1 |     6 ||     9
       Potion            |       |     1 |     4 ||     5
 Stab: Sleeping          |     5 |     2 |       ||     7
  Eat: Chunk             |     3 |     5 |     6 ||    14
       Ration            |       |     1 |       ||     1
Armor: Skin              |    40 |    38 |    65 ||   143
Dodge: Dodged            |    70 |    56 |    75 ||   201
Block: Kite shield       |       |    17 |   113 ||   130

Levels and vault maps discovered:
D:1:      sevenhm_arrival_forest_fort_large_2, layout_basic,
          serial_bayou_pond_e, hex_tiny, minmay_misc_feat_plants
D:2:      layout_basic, nemelex_xobeh_ov_fountains_minmay, marbit_many_paths
D:3:      layout_basic, lemuel_round_altar, first_ration, chequers_arboretum
D:4:      layout_rooms, nicolae_dithmenos_shadow_blocks,
          minmay_temple_entry_statues, uniq_blork_the_orc, uniq_sigmund
D:5:      layout_cave_pools, zin_statuary, basic_altar, cheibriados_altar_1,
          uniq_prince_ribbit1
D:6:      layout_rooms, nicolae_ru_sacrificial_ziggurat, uniq_pikel
Temple:   jpeg_temple_clearing

Table legend:
 A = Turns spent in this place as a percentage of turns spent in the entire game.
 B = Non-inter-level travel turns spent in this place as a percentage of non-inter-level travel turns spent in the entire game.
 C = Inter-level travel turns spent in this place as a percentage of turns spent in this place.
 D = Turns resting spent in this place as a percentage of non-inter-level travel turns spent in this place.
 E = Turns spent auto-exploring this place as a percentage of non-inter-level travel turns spent in this place.
 F = Non-inter-level travel turns spent in this place divided by the number of levels of this place that you've seen.
                   A       B       C       D       E      F
               +-------+-------+-------+-------+-------+----------------------
         Total | 100.0 | 100.0 |   4.0 |  26.9 |  51.5 | 920.7
       Dungeon |  98.3 |  98.9 |   3.4 |  27.2 |  51.0 | 1062.5
        Temple |   1.7 |   1.1 |  39.1 |   0.0 |  94.3 |  70.0
               +-------+-------+-------+-------+-------+----------------------

Table legend:
 A = Kills in this place as a percentage of kills in entire the game.
 B = Kills by you in this place as a percentage of kills by you in the entire game.
 C = Kills by friends in this place as a percentage of kills by friends in the entire game.
 D = Other kills in this place as a percentage of other kills in the entire game.
 E = Experience gained in this place as a percentage of experience gained in the entire game.
 F = Experience gained in this place divided by the number of levels of this place that you have seen.
                   A       B       C       D       E      F
               +-------+-------+-------+-------+-------+----------------------
         Total | 100.0 | 100.0 |   N/A |   N/A | 100.0 | 361.9
       Dungeon | 100.0 | 100.0 |   N/A |   N/A | 100.0 | 422.2
               +-------+-------+-------+-------+-------+----------------------
